 Dungeon Crawl Stone Soup version 0.26-a0-812-g31a745ddcd (webtiles) character file.

Game seed: 1632126275252195014

1 Dracia the Conjurer (level 1, -1/14 HPs)
             Began as a Draconian Conjurer on Dec 5, 2020.
             Slain by a leopard gecko (3 damage)
             ... on level 1 of the Dungeon.
             The game lasted 00:00:15 (189 turns).

Dracia the Conjurer (Draconian Conjurer)             Turns: 189, Time: 00:00:15

Health: -1/14      AC:  4    Str:  9    XL:     1   Next: 16%
Magic:  3/3        EV: 12    Int: 18    God:
Gold:   6          SH:  0    Dex:  9    Spells: 3/4 levels left

rFire    . . .     SeeInvis .   b - +0 mace
rCold    . . .     Faith    .   (no shield)
rNeg     . . .     Spirit   .   (armour unavailable)
rPois    .         Reflect  .   (helmet restricted)
rElec    .         Harm     .   (no cloak)
rCorr    .         Rampage  .   (no gloves)
MR       .....                  (no boots)
Stlth    ++........             (no amulet)
HPRegen  0.04/turn              (no ring)
MPRegen  0.08/turn              (no ring)

@: no status effects
A: unfitting armour, cold-blooded, AC +4
a: no special abilities


You were on level 1 of the Dungeon.
You visited 1 branch of the dungeon, and saw 1 of its levels.

You collected 6 gold pieces.


Innate Abilities, Weirdness & Mutations

Your plain brown scales are hard. (AC +4)
You cannot fit into any form of body armour.
You are cold-blooded and may be slowed by cold attacks.


   Skills:
 - Level 1.7 Dodging
 - Level 1.7 Stealth
 + Level 2.0 Spellcasting
 + Level 4.0 Conjurations


You had 3 spell levels left.
You knew the following spells:

 Your Spells              Type           Power        Failure   Level
z - Magic Dart            Conj           ###.         3%          1

Your spell library contained the following spells:

 Spells                   Type           Power        Failure   Level
 Searing Ray              Conj           ###...       5%          2
 Dazzling Flash           Conj/Hex       #.....       24%         3
 Fulminant Prism          Conj/Hex       #.........   61%         4
 Iskenderun's Mystic Bla  Conj/Tloc      #.......     61%         4

Inventory:

Hand Weapons
 b - a +0 mace (weapon)
Scrolls
 a - a scroll of identify {unknown}

Dungeon Overview and Level Annotations

Branches:
Dungeon (1/15)

Altars:

#≈≈≈≈≈≈##'''##§≈≈≈≈§#≈≈≈≈
≈≈≈≈≈≈≈PP.≈≈≈≈≈§≈
≈≈≈≈≈≈≈P.P≈≈≈≈≈≈≈
....≈≈≈.P.§§≈....
.....P.PP........
##.P.........######..
.######.######......
................#
##.##########@#.# . #.#l#
#...##.#r# #....K#
##..#.# #..#.# #..#.#
#..#.# .....#


You could see a leopard gecko, a kobold and a rat.


Message History

A kobold comes into view. It is wielding a -2 short sword.
The rat barely misses you.
You closely miss the rat.
Your tail-slap misses the rat.
The rat barely misses you. The leopard gecko bites you.
The rat bites you but does no damage.
You closely miss the leopard gecko. The leopard gecko barely misses you.
The rat bites you. The leopard gecko misses you.
You hit the kobold but do no damage.
Your tail-slap misses the kobold.
The rat misses you.
The kobold hits you with a cursed -2 short sword.
* * * LOW HITPOINT WARNING * * *
The leopard gecko barely misses you. The rat bites you but does no damage.
You are too injured to fight recklessly!
The leopard gecko bites you but does no damage.
The leopard gecko barely misses you.
You see here 14 gold pieces.
You see here a giant cockroach corpse.
You are too injured to fight recklessly!
You are too injured to fight recklessly!
You closely miss the leopard gecko. The leopard gecko bites you.
* * * LOW HITPOINT WARNING * * *
The leopard gecko bites you.
* * * LOW HITPOINT WARNING * * *
You hit the leopard gecko.
The leopard gecko is moderately wounded.
The leopard gecko completely misses you.
You hit the leopard gecko.
The leopard gecko is almost dead.
The leopard gecko barely misses you. The leopard gecko bites you.
You die...

Action                   || total
-------------------------++-------
Melee: Mace              ||     7
Armor: Skin              ||     3
Dodge: Dodged            ||    10

Levels and vault maps discovered:
D:1:      dpeg_arrival_water_fire, layout_basic, minmay_vboxes

Notes
Turn   | Place    | Note
-------+----------+-------------------------------------------
     0 | D:1      | Dracia the Draconian Conjurer began the quest for the Orb.
     0 | D:1      | Reached XP level 1. HP: 14/14 MP: 3/3
   189 | D:1      | Slain by a leopard gecko

Vanquished Creatures
  A giant cockroach (D:1)
1 creature vanquished.

Table legend: (Time is in decaauts)
 A = Elapsed time spent in this place.
 B = Non-inter-level travel time spent in this place.
 C = Inter-level travel time spent in this place.
 D = Time resting spent in this place.
 E = Time spent auto-exploring this place.
 F = Levels seen in this place.
 G = Mean time per level.
                   A        B        C        D        E       F      G
               +--------+--------+--------+--------+--------+-----+--------+
         Total |    190 |    190 |      0 |      0 |    162 |   1 |  190.0 |
       Dungeon |    190 |    190 |      0 |      0 |    162 |   1 |  190.0 |
               +--------+--------+--------+--------+--------+-----+--------+

Top non-repeatable levels by time:
     D:1: 190 daAuts

Table legend:
 A = Non-vault XP
 B = Vault XP
 C = Vault XP percentage of total XP
 D = Non-vault monster count
 E = Vault monster count
 F = Vault count percentage of total count
                 A         B        C        D         E       F
            +---------+---------+-------+---------+---------+-------
      Total |       2 |       0 |   0.0 |       1 |       0 |   0.0
            +---------+---------+-------+---------+---------+-------
        D:1 |       2 |       0 |   0.0 |       1 |       0 |   0.0
            +---------+---------+-------+---------+---------+-------
